[Event "Bangabandhu Premier Div League 2022"]
[Site "Dhaka"]
[Date "2022.12.02"]
[Round "3.10"]
[White "Aradhya, Garg"]
[Black "Pantsulaia, Levan"]
[Result "0-1"]
[ECO "E70"]
[WhiteElo "2289"]
[BlackElo "2597"]
[Annotator "TA"]
[PlyCount "114"]
[EventDate "2022.11.30"]
[EventType "team-tourn"]
[EventCountry "BAN"]
[SourceTitle "playchess.com"]
[Source "ChessBase"]
[SourceQuality "1"]
[TimeControl "40/5400+30:1800+30"]

1. d4 Nf6 2. c4 c5 3. d5 g6 4. Nc3 Bg7 5. e4 O-O 6. Nf3 e6 {[%emt 0:00:08] E70: King's Indian: Miscellaneous lines with 4 e4, including 5 Nge2 and 5 Bd3 0-0 6 Nge2.} 7. e5 (7. Bd3 $14) 7... Ng4 $11 8. Bf4 {[%emt 0:00:04] [#] h3 is the strong threat.} d6 $146 {[%emt 0:05:34] The position is equal.} ({Predecessor:} 8... exd5 9. Qxd5 Nc6 10. Qxc5 Ncxe5 11. Nxe5 Nxe5 12. O-O-O Re8 13. Qd5 Qf6 14. Bg3 Nc6 {1-0 (40) Van der Vliet,F (2330)-Booij,J (2290) Netherlands 1995}) 9. exd6 e5 10. Bg5 f6 11. Bh4 Qxd6 12. Be2 (12. h3 $5 Nh6 $8 13. Bd3 $11) 12... Nh6 13. Nb5 (13. Qd2 $1 $11) 13... Qd7 (13... Qb6 $15) 14. d6 (14. Nd2 $11) 14... Na6 15. Qd5+ Qf7 16. Qxf7+ Rxf7 17. O-O-O Nf5 {[%emt 0:11:39] White must now prevent ...e4.} 18. g4 {[%emt 0:05:01] Against e4} Nxh4 19. Nxh4 Be6 (19... Nb4 {is more complex.} 20. Kb1 Bd7 21. Bf3 Rd8) 20. Kb1 Rd7 21. Ng2 Rad8 22. Ne3 b6 (22... Nb4 $15) 23. Bf3 $14 Nb8 $1 24. Nd5 Kf8 25. a4 (25. b3 {simplifies} f5 26. Rhg1 fxg4 27. Bxg4 Bxg4 28. Rxg4 Nc6 29. Ndc7) 25... f5 26. gxf5 (26. Ndc7 $11 {keeps the balance.} Bf7 27. Bd5 (27. Nxa7 e4 $17)) 26... Bxf5+ $17 27. Ka2 Nc6 28. Rhe1 Nd4 (28... a6 $17 29. Nbc7 (29. Nxb6 $2 Nb4+ 30. Ka3 Nc2+ 31. Ka2 axb5 $19) 29... Rxd6) 29. Be4 $15 Be6 (29... Bxe4 {simplifies} 30. Rxe4 Nxb5 31. axb5 Rxd6 32. f4 exf4 33. Rxf4+ Kg8) 30. Rd3 Rf7 31. f3 Bh6 32. b3 ({Better is} 32. Rh1 $15) 32... a6 (32... Bxd5 $1 $17 33. Bxd5 Nc2) 33. Nxd4 $11 exd4 34. Nxb6 Rxd6 35. Nd5 (35. a5 $1 $11 {remains equal.}) 35... a5 $1 $17 36. h4 Bf4 {[%emt 0:01:32] Prevents h5.} 37. h5 (37. Kb1 $17 {is a better defense.}) 37... Bxd5 $1 $19 (37... gxh5 38. Nxf4 Rxf4 39. Rg1 $17) 38. Bxd5 Re7 39. Re4 (39. Be4 $142) 39... Rxe4 40. fxe4 {[%emt 0:00:02][%mdl 4096] Endgame [#] KRB-KRB} g5 ({Weaker is} 40... gxh5 41. b4 axb4 42. a5) 41. Kb2 Rf6 {[%emt 0:06:47] Inhibits e5. Strongly threatening ...Be5.} 42. Rh3 $2 (42. e5 Bxe5 43. Kc2) 42... Be5 43. h6 g4 44. Rh5 {[%emt 0:00:13] [#]} g3 $1 45. Rxe5 {[%emt 0:03:22] KRB-KR} g2 (45... Rxh6 $2 46. Rg5 $18) 46. Rg5 {[%emt 0:00:02] [#]} Rg6 $1 47. Rf5+ Ke7 48. Rf7+ Ke8 (48... Kd8 $142 49. Rf8+ Kc7 50. Rf7+ Kb8 51. Rf8+ Ka7 52. Rf7+ Ka6 53. Bb7+ Kb6) 49. Rg7 g1=Q {[%emt 0:00:34] Black mates.} (49... g1=R $2 50. Bf7+ (50. Rxh7 $2 {leads to mate.} R6g2+ 51. Ka3 Ra1#) 50... Kf8 51. Bxg6 (51. Rxh7 $2 {is a self mate.} R6g2+ 52. Ka3 Ra1#) 51... hxg6 52. Rc7 $18) 50. Bf7+ Kf8 51. Bxg6 hxg6 {[%emt 0:00:42] KQ-KR} 52. Ra7 Qh2+ 53. Kb1 Qxh6 54. Rxa5 Qe3 55. Rb5 d3 56. a5 Qe1+ 57. Kb2 d2 {[%emt 0:00:05] Weighted Error Value: White=0.49/Black=0.24 (precise)} 0-1

[Event "Bangabandhu Premier Div League 2022"]
[Site "Dhaka"]
[Date "2022.12.02"]
[Round "3.11"]
[White "Rakhmanov, Aleksandr"]
[Black "Sankalan Shah"]
[Result "1-0"]
[ECO "E06"]
[WhiteElo "2630"]
[BlackElo "2218"]
[Annotator "TA"]
[PlyCount "101"]
[EventDate "2022.11.30"]
[EventType "team-tourn"]
[EventCountry "BAN"]
[SourceTitle "playchess.com"]
[Source "ChessBase"]
[SourceQuality "1"]
[TimeControl "40/5400+30:1800+30"]

1. d4 Nf6 2. Nf3 e6 3. g3 d5 4. Bg2 Be7 5. c4 O-O 6. Nc3 dxc4 7. Ne5 Nc6 8. Bxc6 bxc6 9. Nxc6 Qe8 10. Nxe7+ Qxe7 11. Qa4 c5 12. dxc5 {[%emt 0:01:05] E06: Closed Catalan: Early deviations.} Qxc5 13. Be3 Qc7 14. Rd1 {[%emt 0:02:07] The position is equal.} Bb7 15. O-O Nd5 16. Bd4 Rfd8 {[%emt 0:15:16] [#]} 17. Rfe1 $146 ({Predecessor:} 17. Nxd5 Rxd5 18. Bc3 a5 19. Rxd5 exd5 20. Rd1 f6 21. Rd4 Qc6 22. Qxc6 Bxc6 23. f3 {½-½ (59) Sarana,A (2685)-Caruana,F (2781) Chess.com INT 2022}) 17... e5 18. Nxd5 Bxd5 19. Bc3 Qc5 {[%emt 0:05:09] Against Ba5} (19... Be6 $11 {feels stronger.}) 20. Qa5 (20. Bxe5 {feels hotter.} Bc6 21. Rxd8+ Rxd8 22. Qa6) 20... Qxa5 21. Bxa5 Rd7 22. Rd2 {[%emt 0:00:32] [#] Black must now prevent Red1.} Be6 23. Rxd7 Bxd7 $14 {[%emt 0:00:02][%mdl 4096] Endgame KRB-KRB} 24. Rd1 Ba4 25. Rd5 f6 26. Rc5 Rb8 27. Bc3 Bb5 28. g4 a6 29. g5 Rb7 30. gxf6 gxf6 31. f3 Kf7 32. Kf2 Ke6 33. Rc8 Rd7 34. Rb8 Rd6 35. Bb4 Rd7 36. Rb6+ Kf7 37. a3 {[%emt 0:14:30][%cal Of3f4] White is more active.} Kg7 (37... Rc7 $11 {keeps the balance.}) 38. Bc3 $16 Kf7 39. f4 Rd5 40. e4 Rc5 (40... Rd8 $16) 41. Rb7+ $18 {[%emt 0:32:27] White is clearly better.} Kg8 42. fxe5 fxe5 43. Re7 Rc8 44. Rxe5 Re8 45. Rg5+ Kf8 46. Ke3 Bc6 47. e5 Re6 48. Rf5+ Ke8 49. Rh5 h6 50. Rh4 Bb5 51. Ke4 {[%emt 0:27:18] Weighted Error Value: White=0.04 (flawless) /Black=0.08 (flawless)} 1-0

[Event "Bangabandhu Premier Div League 2022"]
[Site "Dhaka"]
[Date "2022.12.02"]
[Round "3.12"]
[White "Jamal Uddin"]
[Black "Zia, Tahsin Tajwar"]
[Result "1/2-1/2"]
[ECO "A13"]
[WhiteElo "2092"]
[BlackElo "2241"]
[Annotator "TA"]
[PlyCount "112"]
[EventDate "2022.11.30"]
[EventType "team-tourn"]
[EventCountry "BAN"]
[SourceTitle "playchess.com"]
[Source "ChessBase"]
[SourceQuality "1"]
[TimeControl "40/5400+30:1800+30"]

1. c4 Nf6 2. Nf3 e6 3. g3 d5 4. Bg2 dxc4 5. Qa4+ Bd7 6. Qxc4 {[%emt 0:00:25] A13: English Opening: 1...e6.} c5 7. Ne5 Qc8 8. O-O {[%emt 0:00:54] The position is equal.} Nc6 {[%emt 0:00:39] Inhibits d4.} 9. Nxd7 (9. d4 {seems wilder.} cxd4 10. Bxc6 Bxc6 11. Rd1) 9... Qxd7 10. d3 Be7 11. Be3 Rc8 12. Qa4 $1 (12. Bxc5 $2 {is the wrong capture.} Na5 13. Qd4 Bxc5 $19) 12... O-O 13. Nc3 Rfd8 14. Rac1 b6 15. Rfd1 {[%emt 0:05:35] [#]} Nd4 $146 {[%emt 1:11:19] [#] Hoping for ...Qxa4.} ({Predecessor:} 15... h6 16. h3 Ne8 17. Nb5 Bf6 18. b3 Nd6 19. Nxd6 Qxd6 20. Bxc6 Qxc6 21. Qg4 Kf8 22. Rc4 Qd5 23. Rdc1 h5 {½-½ (43) Nakamura,H (2814)-Eljanov,P (2717) Baku 2015}) 16. Qa6 Nc6 17. Qa4 Ne5 18. Qxd7 Rxd7 19. h3 Nd5 ({Black should play} 19... Nc6 $11) 20. Nxd5 $14 exd5 21. f4 Nc6 22. d4 c4 23. Bf2 f5 24. g4 g6 25. Bf3 Kf7 26. Kg2 Bf6 27. e3 b5 28. b3 Ke6 29. Be1 Rb7 30. g5 Bg7 31. h4 Kd6 32. h5 a5 33. Bd2 Nb4 34. Bxb4+ (34. a3 $11 Nd3 35. Rc2) 34... axb4 $17 35. Rd2 Ra7 36. Rb2 Rb8 (36... c3 {is more complex.} 37. Re2 Rca8 38. Rcc2 Re7) 37. Kf2 Ra3 38. Bd1 Bf8 39. Kf3 Ke6 40. hxg6 hxg6 41. Rh2 Rba8 42. Rcc2 Bg7 (42... cxb3 $2 43. axb3 Bd6 44. Rc6 $18) 43. Rce2 Kf7 44. Reg2 R3a7 45. Rb2 Rb8 46. Rbe2 Re8 47. Rb2 Rae7 48. Rbe2 Kg8 49. Rhg2 Re6 50. Rh2 Bf8 51. Rhg2 Bd6 52. Rh2 Bf8 (52... Rd8 $15) 53. Rh1 (53. Rhg2 $1 $11) 53... Bg7 54. Rhh2 Kf7 {[%emt 0:00:00] Black is slightly better.} 55. Rh7 Re4 56. Rhh2 R4e7 {[%emt 0:00:00] Weighted Error Value: White=0.08 (flawless) /Black=0.08 (flawless)} 1/2-1/2

[Event "Bangabandhu Premier Div League 2022"]
[Site "Dhaka"]
[Date "2022.12.03"]
[Round "4.1"]
[White "Hossain, Enamul"]
[Black "Hrishin, Talukder"]
[Result "1-0"]
[ECO "B33"]
[WhiteElo "2392"]
[BlackElo "1673"]
[Annotator "TA"]
[PlyCount "94"]
[EventDate "2022.12.01"]
[EventCountry "BAN"]
[SourceTitle "playchess.com"]
[Source "ChessBase"]
[SourceQuality "1"]
[TimeControl "40/5400+30:1800+30"]

1. e4 c5 2. Nf3 Nc6 3. d4 cxd4 4. Nxd4 Nf6 5. Nc3 e5 6. Ndb5 d6 7. Bg5 a6 8. Na3 b5 9. Nd5 Be7 10. Bxf6 Bxf6 11. c4 Bg5 {[%emt 0:01:00] B33: Sicilian: Pelikan and Sveshnikov Variations.} (11... b4 $5 12. Nc2 a5 $11) 12. b4 {[%emt 0:00:30] Inhibits Qa5.} Be6 {[%emt 0:00:30] Against h4} 13. Nc2 {[%emt 0:00:30] [#] Pair of Knights!} Rb8 $146 {[%emt 0:00:30] The position is equal.} ({Predecessor:} 13... Nd4 14. Nxd4 exd4 15. Bd3 Bxd5 16. cxd5 O-O 17. O-O Rc8 18. a4 Qb6 19. axb5 axb5 {0-1 (61) Somborski,N (2347)-Vasovski,N (2279) Subotica 2012}) 14. Be2 O-O 15. O-O bxc4 16. Bxc4 Bxd5 (16... Qc8 $5 ) 17. Qxd5 Nxb4 18. Nxb4 Rxb4 19. Rab1 Qb6 20. Rxb4 Qxb4 21. Bxa6 Bd8 22. Bc4 Bb6 23. g3 Qc5 24. Qxc5 Bxc5 $14 {[%emt 0:00:00][%mdl 4096] Endgame KRB-KRB} 25. Rb1 {[%emt 0:01:00] Against Rb8} g5 26. Rb7 Kg7 27. g4 Kg6 28. a4 h5 29. h3 {[%emt 0:00:30] White is more active.} hxg4 30. hxg4 Bd4 31. a5 Rc8 32. Bxf7+ Kf6 33. Bd5 Rc2 {[%emt 0:00:30] [#]} (33... Rc1+ $11 {remains equal.} 34. Kg2 Ra1) 34. a6 (34. Rf7+ $1 $16 Kg6 35. Rf8) 34... Bxf2+ $11 35. Kf1 {[%emt 0:00:30] Threatening mate with Rf7+.} Bd4 (35... Bc5 $1 $11 {keeps the balance.}) 36. Rf7+ $16 ({And not} 36. a7 Rc1+ 37. Kg2 Rg1+ 38. Kh2 Ra1 $11) 36... Kg6 37. Rd7 ({Don't play} 37. a7 $6 Rc1+ 38. Kg2 Rg1+ 39. Kf3 Rf1+ 40. Kg3 Rg1+ 41. Kh3 Rh1+ 42. Kg3 Rg1+ 43. Kh2 Ra1 $11) 37... Bc5 {[%emt 0:01:00][%mdl 8192] This move loses the game for Black.} (37... Rc1+ $16 38. Ke2 Ra1) 38. a7 $18 {[%emt 0:01:00] White is clearly winning.} Rf2+ 39. Ke1 Bxa7 40. Rxa7 {[%emt 0:00:30] KRB-KR} Rf4 41. Rd7 Rxg4 42. Rxd6+ Kg7 43. Re6 (43. Kf2 $142 Kh7 44. Re6) 43... Rg2 44. Rxe5 Kh6 45. Kf1 Rb2 46. Rf5 {[%emt 0:00:30] [#] Hoping for e5.} Rb5 {[%emt 0:00:30] Against e5} 47. Kg2 {[%emt 0:00:00] Black must now prevent Kg3.} Kh5 {[%emt 0:00:30] Weighted Error Value: White=0.36/Black=0.26 (precise)} 1-0

[Event "Bangabandhu Premier Div League 2022"]
[Site "Dhaka"]
[Date "2022.12.03"]
[Round "4.2"]
[White "Iniyan, P."]
[Black "Koustav Chatterjee"]
[Result "1/2-1/2"]
[ECO "E15"]
[WhiteElo "2534"]
[BlackElo "2496"]
[Annotator "TA"]
[PlyCount "38"]
[EventDate "2022.11.30"]
[EventType "team-tourn"]
[EventCountry "BAN"]
[SourceTitle "playchess.com"]
[Source "ChessBase"]
[SourceQuality "1"]
[TimeControl "40/5400+30:1800+30"]

1. d4 {[%emt 0:00:17] Sagar,Shah/CB Website} Nf6 2. c4 e6 3. Nf3 b6 4. g3 Ba6 5. b3 Bb4+ 6. Bd2 Be7 7. Nc3 d5 8. cxd5 exd5 9. Bg2 O-O 10. O-O Re8 11. a3 {[%emt 0:06:30] 11.Rc1 is a critical line. E15: Queen's Indian: 4 g3 sidelines, 4 g3 Ba6 and 4 g3 Bb7 early deviations.} c5 12. dxc5 bxc5 13. Ne5 Bb7 14. Bf4 {[%emt 0:10:13] [#]} Bf8 $146 {[%emt 0:03:46] The position is equal.} ({Predecessor:} 14... Nbd7 15. Nc4 Nb6 16. Na5 Ba6 17. b4 cxb4 18. axb4 Bxb4 19. Nc6 Bxc3 20. Nxd8 Bxe2 {½-½ (36) Caruana,F (2794)-Karjakin,S (2760) Moscow 2016 CBM 172 [Sagar,Shah/CB Website]}) 15. Nc4 Bc6 $1 16. Ne5 Bb7 17. Nc4 Bc6 $1 18. Ne5 Bb7 19. Nc4 Bc6 $1 {[%emt 0:00:02] Not much happened in this game.   Weighted Error Value: White=0.06 (flawless) /Black=0.01 (flawless)} 1/2-1/2

[Event "Bangabandhu Premier Div League 2022"]
[Site "Dhaka"]
[Date "2022.12.03"]
[Round "4.2"]
[White "Masum, Hossain"]
[Black "Narayanan.S.L"]
[Result "0-1"]
[ECO "A06"]
[WhiteElo "2103"]
[BlackElo "2673"]
[Annotator "TA"]
[PlyCount "88"]
[EventDate "2022.12.01"]
[EventCountry "BAN"]
[SourceTitle "playchess.com"]
[Source "ChessBase"]
[SourceQuality "1"]
[TimeControl "40/5400+30:1800+30"]

1. Nf3 c5 2. b3 d5 3. Bb2 Nf6 4. e3 g6 5. c4 dxc4 6. bxc4 {[%emt 0:00:01] A06: Réti Opening: 1 Nf3 d5.} Bg7 7. Be2 O-O 8. O-O {[%emt 1:31:21] The position is equal.} b6 9. d3 Bb7 10. Nbd2 Nc6 11. a3 (11. Ne5 $142) 11... Qc7 12. Qc2 {[%emt 0:00:00] [#]} Rad8 $146 ({Predecessor:} 12... Rfe8 13. Rfe1 e5 14. e4 Nd4 15. Nxd4 exd4 16. Nf1 Rad8 17. Rad1 Bc6 18. Nd2 Qd7 {0-1 (39) Goessnitzer,N (2090)-Hashemi,A Germany 1998}) 13. Rfd1 Ne8 14. Bxg7 Nxg7 15. Nf1 e5 16. N3d2 f5 17. Bf3 Kh8 18. Bd5 Nh5 19. Qc3 Nf6 20. Bf3 Kg7 21. Rac1 Qe7 22. Ng3 {[%emt 0:00:00] White is on the road to losing.} h5 23. h3 h4 24. Ne2 {[%emt 0:00:30] [#]} g5 $1 25. Bxc6 (25. Qc2 $142) 25... Bxc6 $17 26. Nf3 (26. Re1 $17) 26... Bxf3 $19 27. gxf3 Qb7 28. e4 Qe7 29. Kh2 Nh5 30. Rg1 Kh6 31. Rg2 (31. a4 {was worth a try.}) 31... Rd6 32. Rcg1 {[%emt 0:00:00] Threatens to win with Rxg5.} Rg6 33. Qd2 $2 {[%emt 0:00:00] [#]} (33. a4) 33... fxe4 $1 34. Rg4 (34. fxe4 $142 Rf3 35. Rg4 Rxf2+ 36. R1g2 Rxg2+ 37. Rxg2) 34... Rxf3 {[%emt 0:00:00] Black is clearly winning.} 35. Rxh4 (35. dxe4 $142 Rxf2+ 36. R1g2 Rxg2+ 37. Rxg2) 35... e3 (35... Rxf2+ 36. Rg2 Rxg2+ 37. Kxg2 $19) ({Not} 35... exd3 36. Ng3 Qf7 37. Rxh5+ (37. Nxh5 {leads to mate.} Rxf2+) 37... Kg7 38. Kg2 $16 (38. Rxg5 $2 Rxf2+ 39. Rg2 Rxd2 $19) (38. Ne4 Qf4+ 39. Qxf4 Rxf4 $18)) 36. Rxh5+ Kxh5 37. fxe3 g4 {[%emt 0:00:00] aiming for ...Qh4.} 38. Ng3+ Kh6 {[%emt 0:00:00] ...Qh4 is the strong threat.} 39. e4+ Kh7 {[%emt 0:00:00] ( -> ...Qh4)} 40. Nf5 {[%emt 0:00:29] Against Qh4} Rxh3+ 41. Kg2 Qg5 42. Qxg5 Rxg5 43. Ng3 Rg7 44. Kf2 Rd7 {[%emt 0:00:00] Weighted Error Value: White=0.43/Black=0.05 (flawless)} 0-1

[Event "Bangabandhu Premier Div League 2022"]
[Site "Dhaka"]
[Date "2022.12.03"]
[Round "4.3"]
[White "Idani, Pouya"]
[Black "Aaryan Varshney"]
[Result "*"]
[ECO "B12"]
[WhiteElo "2631"]
[BlackElo "2312"]
[Annotator "TA"]
[PlyCount "41"]
[EventDate "2022.12.01"]
[EventCountry "BAN"]
[SourceTitle "playchess.com"]
[Source "ChessBase"]
[SourceQuality "1"]
[TimeControl "40/5400+30:1800+30"]

1. e4 c6 2. d4 d5 3. e5 Bf5 4. h4 h5 5. Bd3 Bxd3 6. Qxd3 {[%emt 1:30:56][%cal Oe5e6] B12: Caro-Kann: Advance Variation.} Qa5+ 7. Nd2 {[%emt 1:31:22][%cal Oe5e6] Threatens to win with e6!} e6 8. Ngf3 {[%emt 0:00:03] The position is equal.} Ne7 9. O-O Nf5 10. Nb3 Qa6 11. Qd1 Nd7 12. a4 {[%emt 0:00:30] [#]} Rc8 $146 ({Predecessor:} 12... g6 13. Bg5 Bg7 14. a5 O-O 15. Re1 Rac8 16. g3 c5 17. c3 Rfe8 18. Qe2 Qxe2 19. Rxe2 cxd4 20. Nbxd4 Nxd4 21. cxd4 {1-0 (25) Swiercz,D (2665)-Eljanov,P (2681) Chess.com INT 2022}) 13. Bg5 c5 14. c3 c4 15. Nbd2 f6 16. Bf4 Be7 17. g3 Nf8 18. Re1 Ng6 19. Be3 $1 fxe5 20. dxe5 Nxe3 21. Rxe3 {[%emt 0:02:00] Weighted Error Value: White=0.04 (flawless) /Black=0.08 (flawless)} *

[Event "Bangabandhu Premier Div League 2022"]
[Site "Dhaka"]
[Date "2022.12.03"]
[Round "4.3"]
[White "Rahman, Syed Mahfuzur"]
[Black "Reefat, Bin-Sattar"]
[Result "0-1"]
[ECO "D45"]
[WhiteElo "2130"]
[BlackElo "2367"]
[Annotator "TA"]
[PlyCount "78"]
[EventDate "2022.11.30"]
[EventType "team-tourn"]
[EventCountry "BAN"]
[SourceTitle "playchess.com"]
[Source "ChessBase"]
[SourceQuality "1"]
[TimeControl "40/5400+30:1800+30"]

1. d4 d5 2. c4 c6 3. Nc3 Nf6 4. e3 a6 5. Nf3 e6 6. Qc2 Nbd7 7. b3 Bd6 8. Bb2 {[%emt 0:06:47] D45: Semi-Slav: 5 e3.} Qe7 9. Rd1 b5 10. Be2 {[%emt 0:05:11] White is slightly better.} O-O 11. O-O Bb7 12. e4 (12. c5 $5 Bc7 13. b4 $11) 12... dxe4 13. Nxe4 Nxe4 14. Qxe4 bxc4 15. bxc4 Nf6 {[%emt 0:00:00] Against c5} (15... c5 $1 $11 16. Qe3 (16. Qxb7 Rab8 $15) 16... Rab8) 16. Qh4 (16. Qc2 $14) 16... c5 $11 {[%emt 0:00:20] [#]} 17. d5 $146 ({Predecessor:} 17. Rfe1 cxd4 18. Nxd4 Ne4 19. Qxe7 Bxe7 20. Bf3 Rab8 21. Nb3 {½-½ (21) Jurek,J (2291)-Gungl,T (2062) Marianske Lazne 2016}) 17... exd5 18. Bxf6 Qxf6 19. Qxf6 gxf6 20. cxd5 Rfe8 21. Rfe1 Re4 22. Nd2 Rd4 23. Nc4 Rd8 24. Ne3 Bf4 (24... Bf8 {simplifies} 25. g3 Bxd5 26. Rxd4 cxd4 27. Nxd5 Rxd5 28. Bc4 Rd6) 25. Nf5 Ra4 (25... R4xd5 $2 26. Ne7+ Kf8 27. Nxd5 Rxd5 28. Bc4 Rxd1 29. Rxd1 $18) 26. Bf3 Kf8 27. Re2 (27. Re4 $5 Rb4 28. Rxb4 cxb4 29. Rd4 $14) 27... Bc8 28. Ne7 (28. Re4 $11 {keeps the balance.} Rxe4 29. Bxe4) 28... Bd7 $17 29. Rde1 (29. g3 $17 {was called for.} Be5 30. d6) 29... Re8 ({Black should play} 29... Bb5 $19 30. Nc6 Bxe2 31. Nxd8 Bb5) 30. g3 Bb5 (30... Bd6 $17 31. Nc6 {[#]} Rxa2 $1 32. Rxe8+ Bxe8) 31. Re4 {[%emt 0:01:01][%mdl 8192] [#] Loses the game.} ({Only move:} 31. d6 $1 $15 Bxd6 32. Ng6+ fxg6 33. Rxe8+ Bxe8 34. Rxe8+ Kxe8 35. Bc6+ Ke7 36. Bxa4) 31... Bd2 $19 {[%emt 0:00:37] A strong pair of Bishops.} ({Resist} 31... Rxa2 32. gxf4 Rd2 33. Nf5 $18) 32. Rxa4 $2 (32. d6 Bxe1 33. Rxe1) 32... Bxe1 {[%emt 0:00:10] Black is clearly winning.} 33. Rh4 Rxe7 34. Rxh7 Kg8 {[%emt 0:00:45] Prevents h3.} 35. Rh4 c4 {[%emt 0:00:13] Hoping for ...c3.} 36. a4 Bxa4 {[%emt 0:00:13] Strongly threatening ...Bb5.} 37. Rxc4 Bb5 38. d6 Re8 39. Rc7 Ba5 {[%emt 0:00:19] Weighted Error Value: White=0.37/Black=0.14 (very precise)} 0-1

[Event "Bangabandhu Premier Div League 2022"]
[Site "Dhaka"]
[Date "2022.12.03"]
[Round "4.4"]
[White "Kushagra Mohan"]
[Black "Subrota, Biswas"]
[Result "*"]
[ECO "D17"]
[WhiteElo "2390"]
[BlackElo "2288"]
[Annotator "TA"]
[PlyCount "55"]
[EventDate "2022.12.01"]
[EventCountry "BAN"]
[SourceTitle "playchess.com"]
[Source "ChessBase"]
[SourceQuality "1"]
[TimeControl "40/5400+30:1800+30"]

1. Nf3 d5 2. c4 c6 3. d4 Nf6 4. Nc3 dxc4 5. a4 Bf5 6. Ne5 Nbd7 7. Nxc4 Qc7 8. g3 e5 9. dxe5 Nxe5 10. Bf4 Nfd7 11. Bg2 f6 12. O-O Be6 {[%emt 0:00:00] D17: Slav Defence: 5 a4 Bf5: Lines with 6 Nh4 and 6 Ne5.} 13. Nxe5 Nxe5 {[%emt 0:00:00] The main line 13...Nxe5 scores better than 13...fxe5.} 14. a5 {[%emt 0:00:00] Threatens to win with Bxe5.} Rd8 {[%emt 0:00:00] White is slightly better.} 15. Qc2 a6 $1 16. Ne4 Be7 17. Nc5 Bxc5 18. Qxc5 {[%emt 0:00:30] [#]} Qd6 $146 ({Predecessor:} 18... Qe7 19. Qc3 Bd5 20. e4 Bf7 21. Rfd1 O-O 22. b4 Qe6 23. h3 Qb3 24. Qxb3 Bxb3 25. Rdb1 {½-½ (25) Almeida Quintana,O (2488)-Pozo Vera,S (2448) Havana 2007}) 19. Qxd6 Rxd6 20. Rfd1 Rxd1+ 21. Rxd1 Ke7 22. Bd2 Rd8 {[%emt 0:02:00] [#] Strongly threatening ...Ke8.} 23. Bb4+ Ke8 24. Rxd8+ Kxd8 25. Bf8 g6 26. Bc5 f5 27. h4 Kc7 28. b4 {[%emt 0:00:00] Weighted Error Value: White=0.07 (flawless) /Black=0.08 (flawless)} *

[Event "Bangabandhu Premier Div League 2022"]
[Site "Dhaka"]
[Date "2022.12.03"]
[Round "4.4"]
[White "Chowdhury, Sohel"]
[Black "Mohammad Nubairshah Shaikh"]
[Result "0-1"]
[ECO "B23"]
[WhiteElo "2004"]
[BlackElo "2439"]
[Annotator "TA"]
[PlyCount "52"]
[EventDate "2022.11.30"]
[EventType "team-tourn"]
[EventCountry "BAN"]
[SourceTitle "playchess.com"]
[Source "ChessBase"]
[SourceQuality "1"]
[TimeControl "40/5400+30:1800+30"]

1. e4 c5 2. Nc3 e6 3. g3 d5 4. exd5 exd5 5. Bg2 Nf6 6. d4 cxd4 7. Qxd4 Nc6 $1 8. Qa4 {[%emt 0:00:00] B23: Closed Sicilian: Lines without g3.} Bd7 {[%emt 0:25:28] [#] aiming for ...d4.} 9. Nge2 $146 {[%emt 0:00:00] [#] Prevents d4.} (9. Bxd5 $2 {loses.} Bb4 10. Qb5 Bxc3+ 11. bxc3 Ne7 $19) (9. Nxd5 $2 Nxd5 10. Bxd5 Nb4 $19) (9. Nf3 $15) ({Predecessor:} 9. Qf4 Nb4 10. Kd1 d4 11. Ne4 Nxe4 12. Bxe4 Bd6 13. Qg5 O-O 14. Qxd8 {1-0 (14) Muller,J (2467)-Kroenauer,K (2396) ICCF corr 2000}) 9... d4 $1 $17 10. Nxd4 {[%emt 0:00:00] [#]} (10. Ne4 $17 {was necessary.}) 10... Na5 $1 $19 11. Ndb5 {[%emt 0:00:00] And now Bf4 would win.} a6 12. O-O {[%emt 0:00:00] Re1+ is the strong threat.} Be7 13. b4 (13. Bg5 {was worth a try.} axb5 14. Qh4) 13... axb5 14. Nxb5 {[%emt 0:00:00] [#]} O-O $1 {[%emt 0:00:05] Strongly threatening ...Nc4.} 15. bxa5 (15. Rd1 Bxb5) 15... Rxa5 16. Qf4 Bxb5 17. Re1 Bc6 18. Bd2 (18. Bxc6 $142 bxc6 19. a4) 18... Ra4 19. c4 Bxg2 20. Kxg2 b5 21. Rad1 Rxc4 (21... Rxa2 $2 {perishes.} 22. Kg1 Bc5 23. Bb4 $19) 22. Qe5 (22. Qf3 $142 Qc7 23. Bf4) 22... Qa8+ {[%emt 0:00:00] Black is clearly winning.} 23. Kg1 Bc5 24. Be3 Ng4 25. Qb2 Nxe3 26. fxe3 Qe4 {[%emt 0:00:00] White did not feel at home in the position after the opening.   Weighted Error Value: White=0.71/Black=0.09 (flawless)} 0-1